 Dungeon Crawl Stone Soup version 0.30-a0-373-gd37427bb62 (webtiles) character file.

Game seed: 12867978275185038754

320 KennySheep the Conjurer (level 6, 0/45 HPs)
             Began as a Demigod Conjurer on Nov 24, 2022.
             Slain by an orc warrior
             ... wielding a +0 mace
              (9 damage)
             ... on level 4 of the Dungeon.
             The game lasted 00:12:24 (4018 turns).

KennySheep the Conjurer (Demigod Conjurer)          Turns: 4018, Time: 00:12:24

Health: 0/45       AC:  3    Str:  8    XL:     6   Next: 1%
Magic:  0/13       EV: 12    Int: 28    God:
Gold:   244        SH:  0    Dex: 12    Spells: 3/10 levels left

rFire   + . .      SeeInvis +    v - +2 dagger (venom)
rCold   . . .      Faith    .    (no shield)
rNeg    . . .      Spirit   .    a - +0 robe
rPois   .          Reflect  .    (no helmet)
rElec   .          Harm     .    (no cloak)
rCorr   .          Rampage  .    o - +0 pair of gloves
Will    .....                    (no boots)
Stlth   ++........               (no amulet)
HPRegen 0.27/turn                c - ring of see invisible
MPRegen 0.13/turn                u - ring of protection from fire

@: no status effects
A: high MP 1, forlorn, divine attributes
a: no special abilities


You were on level 4 of the Dungeon.
You visited 1 branch of the dungeon, and saw 4 of its levels.

You collected 244 gold pieces.

Inventory:

Hand Weapons
 t - a +0 dagger
 v - a +2 dagger of venom (weapon)
Armour
 a - a +0 robe (worn)
 o - a +0 pair of gloves (worn)
Jewellery
 c - a ring of see invisible (left hand)
 u - a ring of protection from fire (right hand)
Scrolls
 f - a scroll of blinking {unknown}
 h - 4 scrolls of enchant armour {unknown}
 i - 4 scrolls of identify {unknown}
 j - 3 scrolls of teleportation {unknown}
 k - a scroll of summoning {unknown}
 l - 2 scrolls of poison {unknown}
 n - 3 scrolls of amnesia {unknown}
 p - a scroll of magic mapping {unknown}
 s - a scroll of silence {unknown}
 w - a scroll of vulnerability {unknown}
Potions
 b - a potion of magic
 d - a potion of resistance {unknown}
 e - a potion of mutation {unknown}
 g - 3 potions of lignification {unknown}
 m - 3 potions of curing {unknown}
 q - 2 potions of might {unknown}
 r - 2 potions of brilliance {unknown}


   Skills:
 - Level 1.7 Dodging
 - Level 1.7 Stealth
 + Level 2.9 Spellcasting
 * Level 5.1 Conjurations
 * Level 3.4 Translocations


You had 3 spell levels left.
You knew the following spells:

 Your Spells              Type           Power      Damage    Failure   Level
a - Magic Dart            Conj           100%       1d8       1%          1
b - Searing Ray           Conj           64%        2d6       1%          2
c - Iskenderun's Mystic   Conj/Tloc      28%        2d7       14%         4

Your spell library contained the following spells:

 Spells                   Type           Power      Damage    Failure   Level
 Dazzling Flash           Conj/Hex       36%        N/A       9%          3
 Fulminant Prism          Conj/Hex       9%         3d7       28%         4


Dungeon Overview and Level Annotations

Branches:
Dungeon (4/15)
 Temple: D:4-7


Innate Abilities, Weirdness & Mutations

You have an increased reservoir of magic. (+10% MP)
You shall have no god before yourself.
Your divine heritage dramatically boosts your attributes as you level up.


Message History

Aim: an orc warrior, wielding a +0 mace and wearing a +0 chain mail (78% to hit)
The searing ray hits the orc warrior!
The orc warrior is moderately wounded. (Press . to maintain the ray.)
The searing ray hits the orc warrior.
The orc warrior is heavily wounded.
The searing ray hits the orc warrior but does no damage.
The orc warrior is heavily wounded.
The searing ray hits the orc warrior!
The orc warrior is severely wounded.
You finish channelling your searing ray.
The orc warrior closely misses you.
The orc warrior hits you with a +0 mace.
Casting: Searing Ray (safe; 1% risk of failure)
Confirm with . or Enter, or press ? or * to list all spells.
Aiming: Searing Ray (safe; 1% risk of failure)
Press: ? - help, Shift-Dir - straight line, f/p - orc warrior
Aim: an orc warrior, wielding a +0 mace and wearing a +0 chain mail (severely wounded, 78% to hit)
The searing ray hits the orc warrior but does no damage.
The orc warrior is severely wounded. (Press . to maintain the ray.)
The orc warrior hits you with a +0 mace!
The searing ray hits the orc warrior.
The orc warrior is almost dead.
The orc warrior barely misses you.
The searing ray hits the orc warrior but does no damage.
The orc warrior is almost dead.
The orc warrior hits you with a +0 mace!
The searing ray misses the orc warrior.
You finish channelling your searing ray.
The orc warrior hits you with a +0 mace!
* * * LOW HITPOINT WARNING * * *
Casting: Searing Ray (safe; 1% risk of failure)
Confirm with . or Enter, or press ? or * to list all spells.
The spell is quite dangerous to miscast (14% risk of failure)!
Continue anyway?
You erupt in a blast of force!
The mystic blast hits the orc warrior but does no damage.
The orc warrior is almost dead.
The orc warrior hits you with a +0 mace!
You die...

#
####..>..#≈≈≈≈≈≈≈≈#
#.....#≈......≈#
#.....#≈..##..≈#
#.....#≈.####.≈#
#.....#≈.####.≈#
#######≈..##..≈#
#≈......≈#
#≈≈≈..≈≈≈#
####'@#### #.o####
#.....# ##....#
#....# ####....#
........<#
#####....# #....#


You could see an orc warrior.

Vanquished Creatures
  An ogre (D:4)
  A scorpion (D:4)
  9 adders
  3 worms
  3 dart slugs
  6 orcs
  7 bats
  3 endoplasms
  4 giant cockroaches
  7 goblins
  7 hobgoblins
  4 jackals
  5 quokkas
  8 ball pythons
  A frilled lizard (D:2)
  2 kobolds (D:1)
  7 rats
78 creatures vanquished.

Notes
Turn   | Place    | Note
-------+----------+-------------------------------------------
     0 | D:1      | KennySheep the Demigod Conjurer began the quest for the
                  | Orb.
     0 | D:1      | Reached XP level 1. HP: 14/14 MP: 5/5
   321 | D:1      | Reached XP level 2. HP: 20/20 MP: 4/7
   356 | D:1      | Reached skill level 1 in Translocations
   577 | D:1      | Learned a level 2 spell: Searing Ray
  1121 | D:2      | Reached skill level 4 in Conjurations
  1165 | D:2      | Reached XP level 3. HP: 26/26 MP: 3/8
  1923 | D:2      | Reached XP level 4. HP: 33/33 MP: 5/10
  1928 | D:2      | Learned a level 4 spell: Iskenderun's Mystic Blast
  3523 | D:4      | Noticed an ogre
  3547 | D:4      | Reached XP level 5. HP: 21/38 MP: 1/11
  3787 | D:4      | Noticed an orc warrior
  3879 | D:4      | Killed an ogre
  3880 | D:4      | Reached skill level 5 in Conjurations
  3880 | D:4      | Reached XP level 6. HP: 15/45 MP: 3/13
  4018 | D:4      | Slain by an orc warrior

Illustrated notes

Levels and vault maps discovered:
D:1:      minmay_arrival_four_loops, layout_basic, minmay_misc_feat_tower
D:2:      layout_loops_corners, basic_altar, minmay_increasing_density
D:3:      minmay_wonky_spiral, layout_loops_ring, okawaru_metal_pillars_1_2
D:4:      layout_rooms, kennysheep_generic_room_6

Skill      XL: |  1  2  3  4  5 |
---------------+----------------+-----
Translocations | 1 2 3 |  3.4
Spellcasting   | 2 |  2.9
Conjurations   | 4 5 |  5.1
Dodging        | |  1.7
Stealth        | |  1.7

Action                   |  1- 3 |  4- 6 || total
-------------------------+-------+-------++-------
Melee: Dagger            |       |     8 ||     8
 Cast: Magic Dart        |    65 |    65 ||   130
       Searing Ray       |     5 |     8 ||    13
       Iskenderun's Myst |       |     3 ||     3
  Use: Potion            |       |     1 ||     1
Armor: Robe              |     3 |     8 ||    11
Dodge: Dodged            |     3 |    15 ||    18

Table legend: (Time is in decaauts)
 A = Elapsed time spent in this place.
 B = Non-inter-level travel time spent in this place.
 C = Inter-level travel time spent in this place.
 D = Time resting spent in this place.
 E = Time spent auto-exploring this place.
 F = Levels seen in this place.
 G = Mean time per level.
                   A        B        C        D        E       F      G
               +--------+--------+--------+--------+--------+-----+--------+
         Total |   4016 |   3817 |    199 |    266 |   3181 |   4 | 1004.0 |
       Dungeon |   4016 |   3817 |    199 |    266 |   3181 |   4 | 1004.0 |
               +--------+--------+--------+--------+--------+-----+--------+

Top non-repeatable levels by time:
     D:2: 1429 daAuts
     D:1: 1093 daAuts
     D:3: 1077 daAuts
     D:4: 416 daAuts
